 Dungeon Crawl Stone Soup version 0.21-a0-137-g951aa02 (webtiles) character file.

1256 tof the Poker (level 8, -3/70 HPs)
             Began as a Minotaur Berserker on July 18, 2017.
             Was a Priest of Trog.
             Slain by an orc warrior
             ... wielding a +0 short sword
              (10 damage)
             ... on level 6 of the Dungeon.
             The game lasted 00:08:50 (3690 turns).

tof the Poker (Minotaur Berserker)                  Turns: 3690, Time: 00:08:51

Health: -3/70      AC:  9    Str: 22    XL:     8   Next: 26%
Magic:  7/7        EV: 11    Int:  4    God:    Trog [***...]
Gold:   284        SH:  0    Dex: 12    Spells: 7/7 levels left

rFire    . . .     SeeInvis .   a - +0 spear
rCold    . . .     Gourm    .   (no shield)
rNeg     . . .     Faith    .   o - +0 ring mail
rPois    .         Spirit   .   q - +1 hat
rElec    .         Reflect  .   z - scarf {repulsion}
rCorr    .         Harm     .   d - +0 pair of gloves
MR       .....                  (no boots)
Stlth    +.........             (no amulet)
HPRegen  0.21/turn              m - -2 ring of evasion (curse)
MPRegen  0.10/turn              t - ring of wizardry

@: about to teleport, repel missiles
A: retaliatory headbutt, horns 2
a: Berserk, Trog's Hand, Burn Spellbooks, Renounce Religion


You were on level 6 of the Dungeon.
You worshipped Trog.
Trog was most pleased with you.
You were not hungry.

You visited 1 branch of the dungeon, and saw 6 of its levels.

You collected 284 gold pieces.

Inventory:

Hand Weapons
 a - a +0 spear (weapon)
Missiles
 l - 15 poisoned needles
 r - 4 tomahawks (quivered)
Armour
 d - a +0 pair of gloves (worn)
 o - a +0 ring mail (worn)
 q - a +1 hat (worn)
 z - a scarf of repulsion (worn)
Jewellery
 m - a cursed -2 ring of evasion (left hand)
 t - a ring of wizardry (right hand)
 y - a +3 ring of strength
Wands
 w - a wand of flame (13/48)
 x - a wand of paralysis (20/24)
 B - a wand of disintegration (12/24)
Scrolls
 h - 2 scrolls of enchant weapon
 i - 2 scrolls of teleportation
 j - a scroll of fear
Potions
 b - a potion of magic
 e - 4 potions of lignification {unknown}
 f - a potion of ambrosia
 k - 2 potions of curing {unknown}
 p - a potion of brilliance
 s - a potion of flight {unknown}
 u - a potion of mutation {unknown}
 C - a potion of heal wounds {unknown}
Books
 n - a book of Enchantments

   Spells                             Type                      Level
   a - Cause Fear                     Hexes                        4
   b - Yara's Violent Unravelling     Hexes/Transmutation          5
   c - Silence                        Hexes/Air                    5
   d - Deflect Missiles               Charms/Air                   6
   e - Discord                        Hexes                        8
   Trog disapproves of the use of such an item.
 D - a book of Cantrips

   Spells                             Type                      Level
   a - Confusing Touch                Hexes                        1
   b - Animate Skeleton               Necromancy                   1
   c - Summon Small Mammal            Summoning                    1
   d - Apportation                    Translocation                1
   Trog disapproves of the use of such an item.
Comestibles
 c - 3 bread rations
 g - a royal jelly
 v - a meat ration
 A - 5 chunks of flesh


   Skills:
 + Level 5.9 Fighting
 * Level 7.9 Polearms
 * Level 7.4 Armour
 + Level 4.7 Dodging


You had 7 spell levels left.
You didn't know any spells.

Dungeon Overview and Level Annotations

Branches:
Dungeon (6/15)             Temple (0/1) D:5

Altars:
Cheibriados
Fedhas
Kikubaaqudgha
Makhleb
Qazlal
Uskayaw
Vehumet


Innate Abilities, Weirdness & Mutations

You reflexively headbutt those who attack you in melee.
You have a pair of horns on your head.


Message History

The orc barely misses you.
You hit the orc warrior.
The orc warrior is moderately wounded.
The orc warrior hits you with a short sword!
* * * LOW HITPOINT WARNING * * *
The orc hits you but does no damage.
You hit the orc warrior.
You headbutt the orc warrior, but do no damage.
The orc warrior is moderately wounded.
The orc priest completely misses you.
The orc warrior hits you with a short sword.
* * * LOW HITPOINT WARNING * * *
The orc hits you with a mace.
* * * LOW HITPOINT WARNING * * *
The orc hits you but does no damage.
As you read the scroll of teleportation, it crumbles to dust.
You feel strangely unstable. The orc priest hits you with a trident.
* * * LOW HITPOINT WARNING * * *
The orc warrior hits you with a short sword!
You die...

......
##.......
#.........
#..........
##..........
#...........
#..........#
#.o.......#
#@o......#
#oo#......##
#.Z###......##
#.# #...<....
..# #......#.
... #.....##
... #.....#
... #.....#
##....##


You could see an orc warrior, an orc priest, 2 orcs and an adder skeleton.

Vanquished Creatures
  Pikel (D:5)
  Prince Ribbit (D:5)
  Edmund (D:5)
  2 scorpions
  A howler monkey (D:4)
  An orc priest (D:6)
  A hound (D:4)
  A bullfrog skeleton (D:4)
  Terence (D:2)
  An orc wizard (D:3)
  A hound skeleton (D:5)
  8 adders
  4 gnolls (D:6)
  An ooze (D:1)
  2 worms
  A dart slug (D:2)
  19 orcs
  A ball python (D:1)
  5 giant cockroaches
  2 goblins
  4 hobgoblins
  A quokka (D:5)
  3 bats
  2 frilled lizards (D:2)
  A giant cockroach zombie (D:5)
  6 kobolds
  6 rats
78 creatures vanquished.

Vanquished Creatures (others)
  A phantom (D:5)
  A slave (D:5)
  An ogre (D:5)
  An orc priest (D:5)
  An orc wizard (D:5)
  An orc (D:5)
6 creatures vanquished.

Grand Total: 84 creatures vanquished

Notes
Turn   | Place    | Note
-------+----------+-------------------------------------------
     0 | D:1      | tof the Minotaur Berserker began the quest for the Orb.
     0 | D:1      | Reached XP level 1. HP: 19/19 MP: 0/0
   110 | D:1      | Reached XP level 2. HP: 27/27 MP: 1/1
   650 | D:2      | Noticed Terence
   665 | D:2      | Killed Terence
   665 | D:2      | Reached XP level 3. HP: 21/33 MP: 2/2
   805 | D:2      | Found a burning altar of Makhleb.
  1203 | D:2      | Reached XP level 4. HP: 40/40 MP: 3/3
  1228 | D:2      | Found a snail-covered altar of Cheibriados.
  1320 | D:3      | Reached ** piety under Trog
  1422 | D:3      | Reached skill level 5 in Polearms
  1580 | D:3      | Reached XP level 5. HP: 46/46 MP: 4/4
  1880 | D:4      | Found a radiant altar of Vehumet.
  2021 | D:4      | Found a stormy altar of Qazlal.
  2023 | D:4      | Noticed a fire elemental
  2024 | D:4      | Noticed an air elemental
  2024 | D:4      | Noticed a water elemental
  2163 | D:4      | Reached skill level 5 in Armour
  2163 | D:4      | Reached XP level 6. HP: 53/53 MP: 5/5
  2296 | D:4      | Reached *** piety under Trog
  2483 | D:5      | Entered Level 5 of the Dungeon
  2501 | D:5      | Found a staircase to the Ecumenical Temple.
  2580 | D:5      | Noticed an enchanted dagger
  2581 | D:5      | Found a hide-covered altar of Uskayaw.
  2582 | D:5      | Noticed a hand axe
  2742 | D:5      | Noticed a slave
  2744 | D:5      | Noticed a slave
  2747 | D:5      | Noticed Pikel
  2750 | D:5      | Noticed a slave
  2757 | D:5      | Noticed a slave
  2776 | D:5      | Killed Pikel
  2776 | D:5      | Reached skill level 5 in Fighting
  2776 | D:5      | Reached XP level 7. HP: 20/61 MP: 6/6
  3029 | D:5      | Found an ancient bone altar of Kikubaaqudgha.
  3029 | D:5      | Noticed Edmund
  3052 | D:5      | Killed Edmund
  3223 | D:5      | Found a blossoming altar of Fedhas.
  3249 | D:5      | Noticed Prince Ribbit
  3265 | D:5      | Killed Prince Ribbit
  3265 | D:5      | Reached XP level 8. HP: 29/70 MP: 7/7
  3690 | D:6      | Slain by an orc warrior

Vault maps used:
D:1:      dpeg_arrival_tiny_c
D:2:      lemuel_round_altar, lemuel_crystal_altar, hangedman_decor_opposing,
          serial_bayou_pond_d, uniq_terence
D:3:      first_bread
D:4:      vehumet_altar_wand_db, nicolae_qazlal_style_of_elements
D:5:      grunt_temple_overflow_growth_and_decay, dancing_weapons_uskayaw,
          minmay_temple_entry_statues_pillars, kennysheep_generic_room_8,
          uniq_pikel, uniq_prince_ribbit1, uniq_edmund
D:6:      grunt_temple_overflow_order_and_chaos_1, serial_shops,
          kennysheep_mini_moat

Skill      XL: |  1  2  3  4  5  6  7 |
---------------+----------------------+-----
Polearms       | 4 5 7 |  7.9
Armour         | 3 4 5 6 7 |  7.4
Dodging        | 3 4 |  4.7
Fighting       | 4 5 |  5.9

Action                   |  1- 3 |  4- 6 |  7- 9 || total
-------------------------+-------+-------+-------++-------
Melee: Spear             |    68 |   179 |    69 ||   316
       Headbutt          |     9 |    31 |     9 ||    49
Throw: Tomahawk          |       |       |     3 ||     3
  Use: Scroll            |       |     9 |     3 ||    12
  Eat: Chunk             |     1 |     5 |     3 ||     9
Armor: Animal skin       |     3 |       |       ||     3
       Ring mail         |     6 |    53 |     8 ||    67
Dodge: Dodged            |    22 |    68 |    28 ||   118
